 Dungeon Sprint DCSS version 0.17-a0-1850-g688e747 (webtiles) character file.

5446 luca467 the Martial Artist (level 10, 7/96 HPs)
             Began as a Demonspawn Monk on Sept 18, 2015.
             Quit the game in the Dungeon (Sprint I: "Red Sonja").
             The game lasted 00:10:21 (1893 turns).

luca467 the Martial Artist (Demonspawn Monk)        Turns: 1893, Time: 00:10:22

Health: 7/96       AC:  4    Str: 10      XL:     10   Next: 41%
Magic:  9/9        EV: 18    Int:  8      God:
Gold:   229        SH:  0    Dex: 14 (16) Spells: 0 memorised, 9 levels left

rFire  . . .     SeeInvis .       - Unarmed
rCold  . . .     Clarity  .     a - +0 robe
rNeg   . . .     SustAt   .     (no shield)
rPois  .         Gourm    .     (no helmet)
rElec  .         Spirit   .     (no cloak)
rCorr  .         Warding  .     (no gloves)
rMut   .         NoTele   +     (no boots)
MR     .....                    (no amulet)
Stlth  +++++.....               (no ring)
                                (no ring)

@: not resistant to hostile enchantments, quite stealthy
A: talons 2, yellow scales 1, blurry vision 3, clumsy 1, deterioration 1, dopey
2, low mp 1, robust 1, screaming 3, spiny 1, weak 1, MP-powered wands
a: no special abilities


You were in the Dungeon.
You were not hungry.

You visited 1 branch You collected 831 gold pieces.
You spent 602 gold pieces at shops.

Inventory:

Armour
 a - a +0 robe (worn)
Jewellery
 e - a cursed ring of loudness
Magical devices
 j - a wand of frost (39)
Scrolls
 b - a scroll of immolation
 d - a scroll of silence {unknown}
 h - 2 scrolls of blinking
 m - a scroll of identify
 n - 6 scrolls of remove curse
Potions
 c - a potion of agility
 f - 2 potions of magic
 g - a potion of berserk rage
 i - a potion of flight {unknown}
 k - a potion of might {unknown}
 l - 3 potions of curing
Comestibles
 o - a slice of pizza
 p - 2 meat rations
 q - a bread ration
 r - 6 fruits


   Skills:
 + Level 11.6 Fighting
 + Level 10.7 Dodging
 + Level 11.3 Stealth
 * Level 14.5 Unarmed Combat


You had 9 spell levels left.
You didn't know any spells.

Dungeon Overview and Level Annotations

Branches:
Dungeon (1/1)

Altars:
Cheibriados
Dithmenos
Elyvilon
Fedhas
Gozag
Kikubaaqudgha
Makhleb
Nemelex Xobeh
Okawaru
Qazlal
Ru
Sif Muna
Trog
Vehumet
Xom
Yredelemnul
Zin
The Shining One
Jiyva

Shops:
D :?[((%[

Annotations:
D exclusion: oklob plant


Innate Abilities, Weirdness & Mutations

You have razor-sharp toenails.
You are partially covered in yellow scales (AC +2).
You are partially covered in sharp spines.
Scrolls take you much longer to read.
You are clumsy. (Dex -2)
Your body sometimes deteriorates upon taking damage.
You are very dopey. (Int -4)
Your magical capacity is low (-10% MP).
You are robust (+10% HP).
You frequently scream uncontrollably at your foes.
You are weak. (Str -2)
You expend magic power (3 MP) to strengthen your wands.


Message History

You feel a strange sense of stasis.
The centaur warrior shoots an arrow of dispersal.
The arrow of dispersal hits you!!
You feel a strange sense of stasis.
The centaur warrior shoots an arrow of dispersal.
The arrow of dispersal hits you!
* * * LOW HITPOINT WARNING * * *
Your body deteriorates!
You feel clumsy.
You feel a strange sense of stasis.
There is a huge open gate, spattered with blood here.
The centaur warrior shoots an arrow of dispersal.
The arrow of dispersal hits you.
* * * LOW HITPOINT WARNING * * *
You feel a strange sense of stasis.
The centaur warrior shoots an arrow of dispersal.
The arrow of dispersal hits you!
* * * LOW HITPOINT WARNING * * *
You feel a strange sense of stasis.
Unknown command.
Unknown command.
Are you sure you want to abandon this character and quit the game? (Confirm with "yes".)

#..#__####..##.#§§≈..
#..#_..__##'#..§§§§§.
#⌠⌠#_.∩...'..._#§§§..
####_..._##_.#'##'###
#_____###)#.#§[).#
############.####'###
#∩........'...'....)'
###''''####...#######
#...@...####.###
#........#.#'#.#
#..#.....#.....#
#...c....#.....#
#.....#..#######
#........# #..#.....#
#........# ###''''###


You could see a centaur warrior.

Vanquished Creatures
  A centaur warrior (D)
  Sonja (D)
  A deep troll (D)
  8 shining eyes (D)
  A slime creature (D)
  Sigmund (D)
  A yak (D)
  A wasp (D)
  An ogre (D)
  Ijyb (D)
  A jelly (D)
  4 giant eyeballs (D)
  A ballistomycete (D)
23 creatures vanquished.

Vanquished Creatures (others)
  2 giant spores (D)
2 creatures vanquished.

Grand Total: 25 creatures vanquished

Notes
Turn   | Place    | Note
--------------------------------------------------------------
     0 | D        | luca467 the Demonspawn Monk began the quest for the Orb.
     0 | D        | Reached XP level 1. HP: 18/18 MP: 1/1
     1 | D        | Noticed Ijyb
    29 | D        | Killed Ijyb
    29 | D        | Reached skill level 4 in Fighting
    29 | D        | Reached skill level 5 in Unarmed Combat
    29 | D        | Gained mutation: You are partially covered in sharp spines. [demonic ancestry]
    29 | D        | Reached XP level 2. HP: 11/25 MP: 2/2
   204 | D        | Noticed an ogre
   211 | D        | Killed an ogre
   211 | D        | Reached skill level 5 in Fighting
   211 | D        | Reached skill level 6 in Unarmed Combat
   211 | D        | Gained mutation: You have sharp toenails. [demonic ancestry]
   211 | D        | Reached XP level 3. HP: 26/33 MP: 3/3
   211 | D        | Reached XP level 4. HP: 30/39 MP: 4/4
   286 | D        | Noticed Sigmund
   295 | D        | Killed Sigmund
   295 | D        | Reached skill level 5 in Dodging
   295 | D        | Reached skill level 5 in Stealth
   295 | D        | Reached skill level 8 in Unarmed Combat
   295 | D        | Gained mutation: You are partially covered in yellow scales (AC +2). [demonic ancestry]
   295 | D        | Reached XP level 5. HP: 24/46 MP: 5/5
   452 | D        | Found a deep blue altar of Sif Muna.
   453 | D        | Noticed a jelly
   454 | D        | Found a radiant altar of Vehumet.
   462 | D        | Killed a jelly
   462 | D        | Reached XP level 6. HP: 49/53 MP: 6/6
   485 | D        | Found Vumnack's Antique Weapon Emporium.
   485 | D        | Found a white marble altar of Elyvilon.
   485 | D        | Found a stormy altar of Qazlal.
   485 | D        | Found a burning altar of Makhleb.
   485 | D        | Found a sacrificial altar of Ru.
   485 | D        | Found a basalt altar of Yredelemnul.
   485 | D        | Found a glowing golden altar of the Shining One.
   485 | D        | Found a sparkling altar of Nemelex Xobeh.
   485 | D        | Found a shimmering altar of Xom.
   485 | D        | Found an opulent altar of Gozag.
   485 | D        | Found an ancient bone altar of Kikubaaqudgha.
   485 | D        | Found a glowing silver altar of Zin.
   485 | D        | Noticed a yak
   486 | D        | Found an iron altar of Okawaru.
   495 | D        | Killed a yak
   495 | D        | Reached skill level 9 in Unarmed Combat
   496 | D        | Found a bloodstained altar of Trog.
   623 | D        | Found a snail-covered altar of Cheibriados.
   623 | D        | Found a viscous altar of Jiyva.
   623 | D        | Found a shadowy altar of Dithmenos.
   623 | D        | Found a blossoming altar of Fedhas.
   623 | D        | Noticed a slime creature
   637 | D        | Killed a slime creature
   637 | D        | Reached skill level 10 in Unarmed Combat
   637 | D        | Reached XP level 7. HP: 10/61 MP: 7/7
   914 | D        | Noticed Sonja
   934 | D        | Killed Sonja
   934 | D        | Reached skill level 11 in Unarmed Combat
   934 | D        | Reached XP level 8. HP: 28/70 MP: 8/8
  1179 | D        | Found Qietepoo's Book Boutique.
  1474 | D        | Noticed a shining eye
  1474 | D        | Noticed a shining eye
  1474 | D        | Noticed a shining eye
  1475 | D        | Noticed a shining eye
  1475 | D        | Noticed a shining eye
  1475 | D        | Noticed a shining eye
  1475 | D        | Paralysed by a giant eyeball for 3 turns
  1479 | D        | Paralysed by a giant eyeball for 4 turns
  1486 | D        | Gained mutation: Scrolls take you a little longer to read. [a shining eye]
  1491 | D        | Gained mutation: Your magical capacity is low (-10% MP). [a shining eye]
  1493 | D        | Killed a shining eye
  1495 | D        | Gained mutation: Your body sometimes deteriorates upon taking damage. [a shining eye]
  1496 | D        | Gained mutation: You expend magic power (3 MP) to strengthen your wands. [a shining eye]
  1498 | D        | Paralysed by a giant eyeball for 3 turns
  1498 | D        | Gained mutation: You are dopey. (Int -2) [a shining eye]
  1502 | D        | Killed a shining eye
  1502 | D        | Reached skill level 12 in Unarmed Combat
  1509 | D        | Gained mutation: You have razor-sharp toenails. [demonic ancestry]
  1509 | D        | Reached XP level 9. HP: 78/78 MP: 8/8
  1515 | D        | Killed a shining eye
  1515 | D        | Reached skill level 10 in Fighting
  1516 | D        | Gained mutation: You occasionally shout uncontrollably at your foes. [a shining eye]
  1528 | D        | Killed a shining eye
  1528 | D        | Reached skill level 10 in Stealth
  1530 | D        | Noticed a shining eye
  1530 | D        | Noticed a shining eye
  1532 | D        | Gained mutation: You sometimes yell uncontrollably at your foes. [a shining eye]
  1533 | D        | Gained mutation: You are robust (+10% HP). [a shining eye]
  1535 | D        | Gained mutation: Scrolls take you longer to read. [a shining eye]
  1536 | D        | Gained mutation: You are weak. (Str -2) [a shining eye]
  1537 | D        | Gained mutation: You are clumsy. (Dex -2) [a shining eye]
  1538 | D        | Killed a shining eye
  1538 | D        | Reached skill level 13 in Unarmed Combat
  1538 | D        | Gained mutation: You frequently scream uncontrollably at your foes. [a shining eye]
  1540 | D        | Gained mutation: Scrolls take you much longer to read. [a shining eye]
  1547 | D        | Killed a shining eye
  1547 | D        | Reached skill level 10 in Dodging
  1552 | D        | Gained mutation: You are very dopey. (Int -4) [a shining eye]
  1553 | D        | Killed a shining eye
  1559 | D        | Killed a shining eye
  1559 | D        | Reached XP level 10. HP: 88/95 MP: 9/9
  1592 | D        | Found Hacsipo's Antique Weapon Shop.
  1592 | D        | Found Wuresm's Magic Scroll Shoppe.
  1592 | D        | Found Zyoted's Food Boutique.
  1592 | D        | Found Wuskedid's Armour Emporium.
  1613 | D        | Bought a scroll of immolation for 38 gold pieces
  1613 | D        | Bought a scroll of identify for 22 gold pieces
  1613 | D        | Bought a scroll of identify for 22 gold pieces
  1613 | D        | Bought a scroll of remove curse for 33 gold pieces
  1613 | D        | Bought a scroll of remove curse for 33 gold pieces
  1613 | D        | Bought a scroll of remove curse for 33 gold pieces
  1613 | D        | Bought a scroll of remove curse for 33 gold pieces
  1613 | D        | Bought a scroll of blinking for 82 gold pieces
  1620 | D        | Bought a slice of pizza for 18 gold pieces
  1620 | D        | Bought a meat ration for 60 gold pieces
  1620 | D        | Bought a meat ration for 60 gold pieces
  1620 | D        | Bought a bread ration for 60 gold pieces
  1620 | D        | Bought 2 fruits for 36 gold pieces
  1620 | D        | Bought 4 fruits for 72 gold pieces
  1643 | D        | Noticed a deep troll
  1648 | D        | Killed a deep troll
  1648 | D        | Reached skill level 14 in Unarmed Combat
  1662 | D        | Found Uvuwnous's Armour Emporium.
  1684 | D        | Noticed a centaur warrior
  1684 | D        | Noticed a centaur warrior
  1717 | D        | Killed a centaur warrior
  1805 | D        | Noticed a wasp
  1855 | D        | Paralysed by a wasp for 3 turns
  1859 | D        | Killed a wasp
  1863 | D        | Noticed an oklob plant
  1893 | D        | Quit the game

Vault maps used:
D:        dungeon_sprint_1

Action                   |  1- 3 |  4- 6 |  7- 9 | 10-12 || total
-------------------------+-------+-------+-------+-------++-------
Melee: Unarmed           |    31 |    31 |    83 |    13 ||   158
  Use: Potion            |       |       |     3 |       ||     3
       Scroll            |       |       |     2 |     1 ||     3
 Stab: Sleeping          |     1 |     3 |       |     2 ||     6
  Eat: Bread ration      |       |       |     1 |       ||     1
